Blues vs Jets

Created - 21 janvier 2018 at 20:25

Goals
1 2 3 T
Blues 0 1 0 1
Jets 2 0 0 2
Shots
1 2 3 T
Blues 4 10 4 18
Jets 15 7 14 36

1st period

1. Jets , Brock Nelson 17 (Jamie Benn 39, Mikko Koivu 50) at 12:31
2. Jets , Bryan Rust 7 (Radek Faksa 6, Tobias Enstrom 13) at 18:01

Penalties :
Braydon Coburn (WPG) for Interference (Minor) at 7:11, Jay McClement (STL) for High sticking (Minor) at 10:27

2nd period

3. Blues , Niklas Kronwall 2 (Mike Fisher 33, Marian Hossa 27) at 19:46

Penalties :
Mike Fisher (STL) for Hooking (Minor) at 16:14

3rd period

No Goal

Penalties :
Jonas Brodin (WPG) for Unsportsmanlike conduct (Minor) at 0:27, Mike Fisher (STL) for Roughing (Minor) at 3:50, Johnny Boychuk (STL) for Holding (Minor) at 12:36, Cal Clutterbuck (STL) for Hooking (Minor) at 15:15

Goalie Stats

Ryan Miller (STL), 34 saves from 36 shots - (0.944), L, 13-15-3, 59:19 minutes
Keith Kinkaid (WPG), 17 saves from 18 shots - (0.944), W, 6-3-0, 60:00 minutes

Players Stats for Blues

Player Name              G  A  P  +/- PIM S  H  SB GA TA FO     MP     PP MP  PK MP  
------------------------------------------------------------------------------------
Adam Cracknell           0  0  0   0  0   0  0  0  0  0  9/17   10:46   0:00   4:37 
Brian Flynn              0  0  0  -1  0   0  0  0  0  0  3/7    11:54   0:00   2:22 
Brian Gionta             0  0  0   0  0   2  0  1  0  0  1/1    19:41   1:51   2:56 
Cal Clutterbuck          0  0  0  -1  2   0  3  0  0  0  1/4    15:06   0:00   0:00 
Carl Gunnarsson          0  0  0  -1  0   0  2  0  0  0  0/0    14:39   0:00   1:14 
Chris Wideman            0  0  0   0  0   0  1  0  0  0  0/0    18:19   0:13   4:29 
Clarke MacArthur         0  0  0   0  0   0  0  0  0  0  0/0     1:39   0:00   1:39 
Dwight King              0  0  0   0  0   1  4  0  0  0  0/0    16:45   1:51   0:00 
Jay McClement            0  0  0   0  2   0  1  0  0  0  7/21   16:44   1:51   0:00 
Jiri Hudler              0  0  0   0  0   0  0  0  0  0  0/0     6:09   0:00   0:00 
John-Michael Liles       0  0  0  -2  0   0  3  2  0  0  0/0    20:40   1:48   0:47 
Johnny Boychuk           0  0  0  -1  2   1  1  2  0  0  0/0    23:16   1:48   3:49 
Kris Versteeg            0  0  0  -1  0   0  0  0  0  0  1/1     9:32   0:00   0:00 
Marian Hossa             0  1  1   0  0   3  1  2  0  0  0/3    23:35   2:07   5:56 
Matt Irwin               0  0  0   1  0   0  1  1  0  0  0/0    19:36   1:57   4:40 
Mike Fisher              0  1  1   0  4   5  4  0  0  0  15/28  17:37   2:07   0:00 
Niklas Kronwall          1  0  1   1  0   1  0  2  0  0  0/0    22:53   2:10   4:15 
Rick Nash                0  0  0   0  0   5  0  0  0  0  0/1    21:09   2:07   2:56 

Players Stats for Jets

Player Name              G  A  P  +/- PIM S  H  SB GA TA FO     MP     PP MP  PK MP  
------------------------------------------------------------------------------------
Alan Quine               0  0  0   0  0   2  2  0  0  0  8/10    5:29   0:00   0:00 
Braydon Coburn           0  0  0   1  2   0  0  0  0  0  0/0    11:29   1:04   0:00 
Brock Nelson             1  0  1   1  0   5  0  1  0  0  1/1    12:02   0:17   0:00 
Bryan Rust               1  0  1   1  0   2  1  0  0  0  0/1    13:37   0:00   2:00 
Cam Atkinson             0  0  0   0  0   8  0  0  0  0  0/1    21:51   5:04   0:00 
Connor Carrick           0  0  0   1  0   0  1  0  0  0  0/0     5:06   0:00   0:00 
Frans Nielsen            0  0  0   0  0   3  0  0  0  0  11/22  18:02   4:34   1:14 
Hampus Lindholm          0  0  0   0  0   0  3  0  0  0  0/0    24:55   6:04   2:00 
Jamie Benn               0  1  1   0  0   2  2  0  0  0  0/1    23:18   5:21   1:10 
Jeff Skinner             0  0  0   0  0   3  0  0  0  0  0/0    22:09   4:34   0:00 
Jonas Brodin             0  0  0   0  2   0  0  2  0  0  0/0    19:57   3:51   0:00 
Jordie Benn              0  0  0   0  0   1  2  1  0  0  0/0    17:20   0:00   1:58 
Mikko Koivu              0  1  1   0  0   2  0  1  0  0  17/28  22:08   5:21   0:00 
Nick Holden              0  0  0   0  0   0  6  2  0  0  0/0    21:31   5:00   1:58 
Ondrej Kase              0  0  0   0  0   0  0  0  0  0  0/0     5:29   0:00   0:00 
Radek Faksa              0  1  1   1  0   2  2  0  0  0  8/16   13:55   0:00   2:18 
Rickard Rakell           0  0  0   0  0   4  2  0  0  0  1/3    18:02   4:34   1:14 
Tobias Enstrom           0  1  1   0  0   2  0  1  0  0  0/0    19:40   3:51   2:00 

3 Stars

1 - Ryan Miller (STL)
2 - Bryan Rust (WPG)
3 - Brock Nelson (WPG)

Power Play

Blues - 0 on 2 Attempt(s) - 0.00%
Jets - 0 on 5 Attempt(s) - 0.00%

Penalty Kill

Blues - 5 on 5 Attempt(s) - 100.00% - Score 0 goal in Penalty Kill
Jets - 2 on 2 Attempt(s) - 100.00% - Score 0 goal in Penalty Kill

Team Stat

Blues - Hits : 21 - Faceoff Wins : 37 - Blocked Shots : 10 - Penalty Minutes : 10
Jets - Hits : 21 - Faceoff Wins : 46 - Blocked Shots : 8 - Penalty Minutes : 4

Official

Referees : Dennis LaRue and Chris Rooney
Linesman : Darren Gibbs and Pierre Racicot

Game Notes

No Game Note

Finance

Level 1 -- Attendance: 3760 (62.67%) -- Ticket Income 526 400 $
Level 2 -- Attendance: 2735 (54.70%) -- Ticket Income 355 550 $
Level 3 -- Attendance: 1341 (60.95%) -- Ticket Income 160 920 $
Level 4 -- Attendance: 846 (83.27%) -- Ticket Income 93 060 $
Luxury Box -- Attendance: 504 (63.00%) -- Ticket Income 171 360 $
Game was played at the MTS Center.
Total Attendance: 9186 (61.17%)
Total Ticket Income: 1 307 290 $
Other Income: 196 094 $
Total Income: 1 503 384 $

% Time on Ice - Blues

Lines # - Real PCT - Wanted PCT - Time Play
Normal Forward
1 - 33% - 40% - 14:48
2 - 33% - 30% - 14:54
3 - 21% - 20% - 9:32
4 - 14% - 10% - 6:09
Normal Defense
1 - 38% - 40% - 17:21
2 - 29% - 30% - 12:59
3 - 29% - 20% - 13:20
4 - 4% - 10% - 1:43
PP Forward
1 - 53% - 60% - 2:07
2 - 47% - 40% - 1:51
PP Defense
1 - 45% - 60% - 1:48
2 - 55% - 40% - 2:10
PK Forward
1 - 70% - 60% - 6:59
2 - 30% - 40% - 2:56
PK Defense
1 - 58% - 60% - 5:46
2 - 42% - 40% - 4:09
PK3 Forward
1 - 0% - 60%
2 - 0% - 40%
PK3 Defense
1 - 0% - 60%
2 - 0% - 40%
44 Forward
1 - 0% - 60%
2 - 0% - 40%
44 Defense
1 - 0% - 60%
2 - 0% - 40%
Last Minute Offensive  - 0:44
Last Minute Defensive  - 0:00
Total
Forward - 60:00
Defense - 60:00

% Time on Ice - Jets

Lines # - Real PCT - Wanted PCT - Time Play
Normal Forward
1 - 35% - 37% - 16:03
2 - 27% - 33% - 12:14
3 - 26% - 20% - 11:37
4 - 12% - 10% - 5:29
Normal Defense
1 - 36% - 40% - 16:07
2 - 30% - 30% - 13:49
3 - 23% - 20% - 10:21
4 - 11% - 10% - 5:06
PP Forward
1 - 54% - 60% - 5:21
2 - 46% - 40% - 4:34
PP Defense
1 - 61% - 60% - 6:04
2 - 39% - 40% - 3:51
PK Forward
1 - 69% - 60% - 2:44
2 - 31% - 40% - 1:14
PK Defense
1 - 50% - 60% - 2:00
2 - 50% - 40% - 1:58
PK3 Forward
1 - 0% - 60%
2 - 0% - 40%
PK3 Defense
1 - 0% - 60%
2 - 0% - 40%
44 Forward
1 - 0% - 60%
2 - 0% - 40%
44 Defense
1 - 0% - 60%
2 - 0% - 40%
Last Minute Offensive  - 0:00
Last Minute Defensive  - 0:44
Total
Forward - 60:00
Defense - 60:00

Play by Play

1st period


0:01 of 1st period - Mikko Koivu wins face-off versus Mike Fisher in neutral zone.
0:04 of 1st period - Shot by Mikko Koivu.
0:04 of 1st period - Shot Misses the Net.
0:11 of 1st period - Marian Hossa is hit by Hampus Lindholm and loses puck.
0:14 of 1st period - Shot by Marian Hossa.
0:14 of 1st period - Deflect By Mike Fisher.
0:14 of 1st period - Shot Blocked by Mikko Koivu.
0:18 of 1st period - Shot by Marian Hossa.
0:18 of 1st period - Shot Misses the Net.
0:29 of 1st period - Icing by Jonas Brodin.
0:30 of 1st period - Mikko Koivu wins face-off versus Jay McClement in Jets zone.
1:56 of 1st period - Shot by Marian Hossa.
1:56 of 1st period - Shot Misses the Net.
1:58 of 1st period - Shot by Marian Hossa.
1:58 of 1st period - Stopped by Keith Kinkaid without a rebound.
1:59 of 1st period - Mike Fisher wins face-off versus Radek Faksa in Jets zone.
2:01 of 1st period - Marian Hossa is hit by Jordie Benn.
2:25 of 1st period - Shot by Rick Nash.
2:25 of 1st period - Stopped by Keith Kinkaid without a rebound.
2:26 of 1st period - Alan Quine wins face-off versus Jay McClement in Jets zone.
2:49 of 1st period - Nick Holden is hit by Dwight King and loses puck.
4:24 of 1st period - Shot by Cam Atkinson.
4:24 of 1st period - Shot Misses the Net.
4:37 of 1st period - Shot by Cam Atkinson.
4:37 of 1st period - Stopped by Ryan Miller without a rebound.
4:38 of 1st period - Brian Flynn wins face-off versus Frans Nielsen in Blues zone.
4:38 of 1st period - Brian Flynn is hit by Rickard Rakell.
4:48 of 1st period - Shot by Jeff Skinner.
4:48 of 1st period - Shot Misses the Net.
5:29 of 1st period - Off-side.
5:30 of 1st period - Mikko Koivu wins face-off versus Marian Hossa in neutral zone.
5:50 of 1st period - Icing by Mikko Koivu.
5:51 of 1st period - Mikko Koivu wins face-off versus Jay McClement in Jets zone.
6:06 of 1st period - Icing by Brian Gionta.
6:07 of 1st period - Radek Faksa wins face-off versus Jay McClement in Blues zone.
6:08 of 1st period - Shot by Bryan Rust.
6:08 of 1st period - Stopped by Ryan Miller without a rebound.
6:09 of 1st period - Mike Fisher wins face-off versus Bryan Rust in Blues zone.
6:14 of 1st period - Jordie Benn is hit by Mike Fisher and loses puck.
6:27 of 1st period - Shot by Rick Nash.
6:27 of 1st period - Shot Misses the Net.
6:29 of 1st period - Shot by Mike Fisher.
6:29 of 1st period - Stopped by Keith Kinkaid without a rebound.
6:30 of 1st period - Jay McClement wins face-off versus Frans Nielsen in Jets zone.
7:02 of 1st period - Off-side.
7:03 of 1st period - Mike Fisher wins face-off versus Mikko Koivu in neutral zone.
7:11 of 1st period - Minor Penalty to Braydon Coburn for Interference.
7:12 of 1st period - Radek Faksa wins face-off versus Mike Fisher in Jets zone.
7:29 of 1st period - Shot by Marian Hossa.
7:29 of 1st period - Shot Hit the Post.
7:47 of 1st period - Shot by Radek Faksa.
7:47 of 1st period - Shot Misses the Net.
8:16 of 1st period - Icing by Johnny Boychuk.
8:17 of 1st period - Jay McClement wins face-off versus Radek Faksa in Blues zone.
9:09 of 1st period - Jordie Benn is hit by Mike Fisher and loses puck.
9:14 of 1st period - Shot by Cal Clutterbuck.
9:14 of 1st period - Shot Misses the Net.
10:10 of 1st period - Shot by Rick Nash.
10:10 of 1st period - Stopped by Keith Kinkaid with a rebound.
10:27 of 1st period - Minor Penalty to Jay McClement for High sticking.
10:28 of 1st period - Mikko Koivu wins face-off versus Adam Cracknell in Blues zone.
10:35 of 1st period - Shot by Cam Atkinson.
10:35 of 1st period - Shot Blocked by Niklas Kronwall.
10:37 of 1st period - Shot by Nick Holden.
10:37 of 1st period - Shot Blocked by Matt Irwin.
10:39 of 1st period - Shot by Mikko Koivu.
10:39 of 1st period - Stopped by Ryan Miller without a rebound.
10:40 of 1st period - Adam Cracknell wins face-off versus Mikko Koivu in Blues zone.
10:57 of 1st period - Icing by Cam Atkinson.
10:58 of 1st period - Adam Cracknell wins face-off versus Jamie Benn in Jets zone.
12:07 of 1st period - Shot by Frans Nielsen.
12:07 of 1st period - Shot Misses the Net.
12:31 of 1st period - Shot by Brock Nelson.
12:31 of 1st period - Goal by Brock Nelson - Blues : 0 - Jets : 1.
12:32 of 1st period - Kris Versteeg wins face-off versus Radek Faksa in neutral zone.
12:35 of 1st period - Shot by Johnny Boychuk.
12:35 of 1st period - Shot Blocked by Jordie Benn.
12:56 of 1st period - Icing by Johnny Boychuk.
12:57 of 1st period - Brian Flynn wins face-off versus Alan Quine in Blues zone.
13:10 of 1st period - Shot by Jeff Skinner.
13:10 of 1st period - Shot Misses the Net.
13:22 of 1st period - Shot by Jeff Skinner.
13:22 of 1st period - Stopped by Ryan Miller with a rebound.
13:39 of 1st period - Johnny Boychuk is hit by Jamie Benn and loses puck.
13:49 of 1st period - Icing by Tobias Enstrom.
13:50 of 1st period - Mike Fisher wins face-off versus Mikko Koivu in Jets zone.
13:56 of 1st period - Marian Hossa is hit by Nick Holden and loses puck.
14:16 of 1st period - Shot by Jamie Benn.
14:16 of 1st period - Shot Hit the Post.
15:15 of 1st period - Shot by Jay McClement.
15:15 of 1st period - Shot Blocked by Jonas Brodin.
15:21 of 1st period - Shot by Hampus Lindholm.
15:21 of 1st period - Shot Misses the Net.
15:23 of 1st period - Shot by Rickard Rakell.
15:23 of 1st period - Stopped by Ryan Miller with a rebound.
15:26 of 1st period - Jeff Skinner is hit by Chris Wideman and loses puck.
15:36 of 1st period - Shot by Jeff Skinner.
15:36 of 1st period - Stopped by Ryan Miller without a rebound.
15:37 of 1st period - Adam Cracknell wins face-off versus Mikko Koivu in Blues zone.
16:33 of 1st period - Shot by Brock Nelson.
16:33 of 1st period - Stopped by Ryan Miller without a rebound.
16:34 of 1st period - Mike Fisher wins face-off versus Frans Nielsen in Blues zone.
16:36 of 1st period - Icing by Rick Nash.
16:37 of 1st period - Frans Nielsen wins face-off versus Mike Fisher in Blues zone.
16:48 of 1st period - Icing by Frans Nielsen.
16:49 of 1st period - Frans Nielsen wins face-off versus Jay McClement in Jets zone.
17:18 of 1st period - Shot by Rickard Rakell.
17:18 of 1st period - Shot Misses the Net.
17:20 of 1st period - Shot by Jordie Benn.
17:20 of 1st period - Stopped by Ryan Miller with a rebound.
17:40 of 1st period - Shot by Cam Atkinson.
17:40 of 1st period - Stopped by Ryan Miller without a rebound.
17:41 of 1st period - Mike Fisher wins face-off versus Radek Faksa in Blues zone.
17:41 of 1st period - Mike Fisher is hit by Bryan Rust.
17:50 of 1st period - Marian Hossa is hit by Nick Holden and loses puck.
17:59 of 1st period - Shot by Radek Faksa.
17:59 of 1st period - Shot Misses the Net.
18:01 of 1st period - Shot by Bryan Rust.
18:01 of 1st period - Goal by Bryan Rust - Blues : 0 - Jets : 2.
18:02 of 1st period - Cal Clutterbuck wins face-off versus Mikko Koivu in neutral zone.
18:31 of 1st period - Shot by Cam Atkinson.
18:31 of 1st period - Stopped by Ryan Miller without a rebound.
18:32 of 1st period - Mike Fisher wins face-off versus Rickard Rakell in Blues zone.
18:53 of 1st period - Shot by Frans Nielsen.
18:53 of 1st period - Shot Misses the Net.
19:04 of 1st period - Icing by John-Michael Liles.
19:05 of 1st period - Mikko Koivu wins face-off versus Mike Fisher in Blues zone.
19:10 of 1st period - Shot by Cam Atkinson.
19:10 of 1st period - Stopped by Ryan Miller without a rebound.
19:11 of 1st period - Mikko Koivu wins face-off versus Jay McClement in Blues zone.
19:14 of 1st period - Shot by Jamie Benn.
19:14 of 1st period - Stopped by Ryan Miller with a rebound.
19:16 of 1st period - Shot by Jamie Benn.
19:16 of 1st period - Stopped by Ryan Miller without a rebound.
19:17 of 1st period - Mikko Koivu wins face-off versus Jay McClement in Blues zone.
19:23 of 1st period - Cam Atkinson is hit by Matt Irwin.
19:39 of 1st period - Shot by Matt Irwin.
19:39 of 1st period - Shot Misses the Net.
Goals for this period are 0 for Blues vs 2 for Jets.
Shots for this period are 4 for Blues vs 15 for Jets.

2nd period


0:01 of 2nd period - Frans Nielsen wins face-off versus Mike Fisher in neutral zone.
0:31 of 2nd period - Rick Nash is hit by Hampus Lindholm.
0:37 of 2nd period - Shot by Rick Nash.
0:37 of 2nd period - Shot Blocked by Jonas Brodin.
1:09 of 2nd period - Icing by Tobias Enstrom.
1:10 of 2nd period - Mikko Koivu wins face-off versus Jay McClement in Jets zone.
1:47 of 2nd period - Shot by Brock Nelson.
1:47 of 2nd period - Shot Misses the Net.
1:49 of 2nd period - Shot by Brock Nelson.
1:49 of 2nd period - Shot Misses the Net.
2:05 of 2nd period - Shot by Brock Nelson.
2:05 of 2nd period - Stopped by Ryan Miller without a rebound.
2:06 of 2nd period - Brian Flynn wins face-off versus Frans Nielsen in Blues zone.
2:21 of 2nd period - Shot by Frans Nielsen.
2:21 of 2nd period - Stopped by Ryan Miller without a rebound.
2:22 of 2nd period - Alan Quine wins face-off versus Adam Cracknell in Blues zone.
2:25 of 2nd period - Shot by Ondrej Kase.
2:25 of 2nd period - Shot Misses the Net.
2:51 of 2nd period - Adam Cracknell is hit by Alan Quine and loses puck.
3:24 of 2nd period - Shot by Cam Atkinson.
3:24 of 2nd period - Stopped by Ryan Miller without a rebound.
3:25 of 2nd period - Radek Faksa wins face-off versus Mike Fisher in Blues zone.
3:34 of 2nd period - Shot by Brock Nelson.
3:34 of 2nd period - Shot Misses the Net.
3:44 of 2nd period - Shot by Marian Hossa.
3:44 of 2nd period - Deflect By Rick Nash.
3:44 of 2nd period - Stopped by Keith Kinkaid without a rebound.
3:45 of 2nd period - Jay McClement wins face-off versus Mikko Koivu in Jets zone.
3:45 of 2nd period - Jay McClement is hit by Hampus Lindholm.
3:57 of 2nd period - Shot by Cam Atkinson.
3:57 of 2nd period - Stopped by Ryan Miller without a rebound.
3:58 of 2nd period - Mike Fisher wins face-off versus Frans Nielsen in Blues zone.
4:00 of 2nd period - Icing by Marian Hossa.
4:01 of 2nd period - Frans Nielsen wins face-off versus Mike Fisher in Blues zone.
5:09 of 2nd period - Icing by Hampus Lindholm.
5:10 of 2nd period - Frans Nielsen wins face-off versus Brian Flynn in Jets zone.
5:53 of 2nd period - Brian Gionta is hit by Nick Holden and loses puck.
6:00 of 2nd period - Shot by Dwight King.
6:00 of 2nd period - Shot Misses the Net.
6:02 of 2nd period - Shot by Dwight King.
6:02 of 2nd period - Stopped by Keith Kinkaid without a rebound.
6:03 of 2nd period - Radek Faksa wins face-off versus Jay McClement in Jets zone.
6:22 of 2nd period - Icing by Carl Gunnarsson.
6:23 of 2nd period - Jay McClement wins face-off versus Mikko Koivu in Blues zone.
6:55 of 2nd period - Shot by Cam Atkinson.
6:55 of 2nd period - Stopped by Ryan Miller with a rebound.
7:06 of 2nd period - Shot by Marian Hossa.
7:06 of 2nd period - Deflect By Mike Fisher.
7:06 of 2nd period - Shot Misses the Net.
7:08 of 2nd period - Shot by Marian Hossa.
7:08 of 2nd period - Shot Misses the Net.
7:14 of 2nd period - Shot by Mike Fisher.
7:14 of 2nd period - Stopped by Keith Kinkaid with a rebound.
7:49 of 2nd period - Cal Clutterbuck is hit by Nick Holden and loses puck.
9:13 of 2nd period - Off-side.
9:14 of 2nd period - Frans Nielsen wins face-off versus Cal Clutterbuck in neutral zone.
10:00 of 2nd period - Shot by Mike Fisher.
10:00 of 2nd period - Deflect By Marian Hossa.
10:00 of 2nd period - Shot Misses the Net.
10:05 of 2nd period - Off-side.
10:06 of 2nd period - Alan Quine wins face-off versus Cal Clutterbuck in neutral zone.
10:13 of 2nd period - Shot by Alan Quine.
10:13 of 2nd period - Stopped by Ryan Miller without a rebound.
10:14 of 2nd period - Alan Quine wins face-off versus Rick Nash in Blues zone.
10:20 of 2nd period - Icing by Matt Irwin.
10:21 of 2nd period - Radek Faksa wins face-off versus Mike Fisher in Blues zone.
10:33 of 2nd period - Shot by Rick Nash.
10:33 of 2nd period - Stopped by Keith Kinkaid without a rebound.
10:34 of 2nd period - Mikko Koivu wins face-off versus Jay McClement in Jets zone.
10:34 of 2nd period - Mikko Koivu is hit by Jay McClement.
10:41 of 2nd period - Jamie Benn is hit by John-Michael Liles and loses puck.
11:34 of 2nd period - Icing by Matt Irwin.
11:35 of 2nd period - Frans Nielsen wins face-off versus Marian Hossa in Blues zone.
11:46 of 2nd period - Shot by Marian Hossa.
11:46 of 2nd period - Shot Misses the Net.
11:48 of 2nd period - Shot by Matt Irwin.
11:48 of 2nd period - Shot Misses the Net.
11:52 of 2nd period - Shot by Marian Hossa.
11:52 of 2nd period - Shot Misses the Net.
12:35 of 2nd period - Icing by Braydon Coburn.
12:36 of 2nd period - Frans Nielsen wins face-off versus Jay McClement in Jets zone.
12:36 of 2nd period - Frans Nielsen is hit by Dwight King.
12:39 of 2nd period - Jeff Skinner is hit by Dwight King and loses puck.
13:27 of 2nd period - Bryan Rust is hit by John-Michael Liles and loses puck.
13:36 of 2nd period - Nick Holden is hit by Dwight King and loses puck.
14:13 of 2nd period - Shot by Mike Fisher.
14:13 of 2nd period - Stopped by Keith Kinkaid without a rebound.
14:14 of 2nd period - Mikko Koivu wins face-off versus Brian Flynn in Jets zone.
14:37 of 2nd period - Shot by Cam Atkinson.
14:37 of 2nd period - Shot Misses the Net.
14:57 of 2nd period - Hampus Lindholm is hit by Cal Clutterbuck and loses puck.
15:16 of 2nd period - Shot by Rick Nash.
15:16 of 2nd period - Stopped by Keith Kinkaid without a rebound.
15:17 of 2nd period - Mike Fisher wins face-off versus Frans Nielsen in Jets zone.
15:19 of 2nd period - Rick Nash is hit by Connor Carrick and loses puck.
15:25 of 2nd period - Mike Fisher is hit by Jordie Benn.
15:27 of 2nd period - Shot by Marian Hossa.
15:27 of 2nd period - Shot Misses the Net.
15:29 of 2nd period - Shot by Johnny Boychuk.
15:29 of 2nd period - Stopped by Keith Kinkaid with a rebound.
15:31 of 2nd period - Shot by Mike Fisher.
15:31 of 2nd period - Stopped by Keith Kinkaid without a rebound.
15:32 of 2nd period - Jay McClement wins face-off versus Alan Quine in Jets zone.
15:35 of 2nd period - Shot by Brian Gionta.
15:35 of 2nd period - Shot Blocked by Nick Holden.
15:53 of 2nd period - Shot by Johnny Boychuk.
15:53 of 2nd period - Deflect By Dwight King.
15:53 of 2nd period - Shot Misses the Net.
15:55 of 2nd period - Shot by Brian Gionta.
15:55 of 2nd period - Stopped by Keith Kinkaid without a rebound.
15:56 of 2nd period - Mike Fisher wins face-off versus Radek Faksa in Jets zone.
16:14 of 2nd period - Minor Penalty to Mike Fisher for Hooking.
16:15 of 2nd period - Mikko Koivu wins face-off versus Adam Cracknell in Blues zone.
16:48 of 2nd period - Shot by Mikko Koivu.
16:48 of 2nd period - Stopped by Ryan Miller with a rebound.
18:08 of 2nd period - Shot by Jamie Benn.
18:08 of 2nd period - Shot Misses the Net.
18:30 of 2nd period - Off-side.
18:31 of 2nd period - Alan Quine wins face-off versus Jay McClement in neutral zone.
18:34 of 2nd period - Carl Gunnarsson is hit by Alan Quine and loses puck.
19:14 of 2nd period - Icing by Cal Clutterbuck.
19:15 of 2nd period - Adam Cracknell wins face-off versus Radek Faksa in Blues zone.
19:15 of 2nd period - Adam Cracknell is hit by Radek Faksa.
19:36 of 2nd period - Icing by Nick Holden.
19:37 of 2nd period - Mike Fisher wins face-off versus Radek Faksa in Jets zone.
19:38 of 2nd period - Shot by Rick Nash.
19:38 of 2nd period - Shot Misses the Net.
19:40 of 2nd period - Shot by Marian Hossa.
19:40 of 2nd period - Shot Misses the Net.
19:44 of 2nd period - Shot by Mike Fisher.
19:44 of 2nd period - Shot Blocked by Brock Nelson.
19:46 of 2nd period - Shot by Niklas Kronwall.
19:46 of 2nd period - Goal by Niklas Kronwall - Blues : 1 - Jets : 2.
19:47 of 2nd period - Mikko Koivu wins face-off versus Mike Fisher in neutral zone.
Goals for this period are 1 for Blues vs 0 for Jets.
Shots for this period are 10 for Blues vs 7 for Jets.

3rd period


0:01 of 3rd period - Mike Fisher wins face-off versus Frans Nielsen in neutral zone.
0:27 of 3rd period - Minor Penalty to Jonas Brodin for Unsportsmanlike conduct.
0:28 of 3rd period - Jay McClement wins face-off versus Radek Faksa in Jets zone.
0:28 of 3rd period - Jay McClement is hit by Nick Holden.
1:34 of 3rd period - Shot by Mike Fisher.
1:34 of 3rd period - Deflect By Marian Hossa.
1:34 of 3rd period - Stopped by Keith Kinkaid with a rebound.
1:36 of 3rd period - Shot by John-Michael Liles.
1:36 of 3rd period - Shot Misses the Net.
1:38 of 3rd period - Shot by Marian Hossa.
1:38 of 3rd period - Stopped by Keith Kinkaid without a rebound.
1:39 of 3rd period - Mike Fisher wins face-off versus Frans Nielsen in Jets zone.
2:25 of 3rd period - Icing by Brian Gionta.
2:26 of 3rd period - Frans Nielsen wins face-off versus Jay McClement in Blues zone.
3:33 of 3rd period - Shot by Niklas Kronwall.
3:33 of 3rd period - Shot Blocked by Tobias Enstrom.
3:36 of 3rd period - Jay McClement is hit by Nick Holden and loses puck.
3:50 of 3rd period - Minor Penalty to Mike Fisher for Roughing.
3:51 of 3rd period - Adam Cracknell wins face-off versus Frans Nielsen in Blues zone.
4:04 of 3rd period - Shot by Rickard Rakell.
4:04 of 3rd period - Stopped by Ryan Miller without a rebound.
4:05 of 3rd period - Adam Cracknell wins face-off versus Rickard Rakell in Blues zone.
4:05 of 3rd period - Adam Cracknell is hit by Rickard Rakell.
4:59 of 3rd period - Shot by Jamie Benn.
4:59 of 3rd period - Shot Blocked by Niklas Kronwall.
5:26 of 3rd period - Rickard Rakell is hit by Marian Hossa and loses puck.
5:53 of 3rd period - Shot by Brock Nelson.
5:53 of 3rd period - Shot Blocked by John-Michael Liles.
5:55 of 3rd period - Shot by Radek Faksa.
5:55 of 3rd period - Shot Misses the Net.
5:57 of 3rd period - Shot by Radek Faksa.
5:57 of 3rd period - Stopped by Ryan Miller with a rebound.
6:05 of 3rd period - Shot by Brock Nelson.
6:05 of 3rd period - Shot Blocked by Brian Gionta.
6:12 of 3rd period - Brock Nelson is hit by John-Michael Liles and loses puck.
6:32 of 3rd period - Off-side.
6:33 of 3rd period - Mikko Koivu wins face-off versus Adam Cracknell in neutral zone.
7:17 of 3rd period - Shot by Ondrej Kase.
7:17 of 3rd period - Deflect By Jeff Skinner.
7:17 of 3rd period - Stopped by Ryan Miller with a rebound.
7:31 of 3rd period - Icing by Chris Wideman.
7:32 of 3rd period - Radek Faksa wins face-off versus Adam Cracknell in Blues zone.
7:39 of 3rd period - Radek Faksa is hit by Carl Gunnarsson and loses puck.
7:42 of 3rd period - Shot by Bryan Rust.
7:42 of 3rd period - Shot Misses the Net.
7:54 of 3rd period - Shot by Radek Faksa.
7:54 of 3rd period - Stopped by Ryan Miller without a rebound.
7:55 of 3rd period - Mikko Koivu wins face-off versus Mike Fisher in Blues zone.
7:56 of 3rd period - Shot by Cam Atkinson.
7:56 of 3rd period - Stopped by Ryan Miller with a rebound.
8:11 of 3rd period - Shot by Cam Atkinson.
8:11 of 3rd period - Shot Misses the Net.
8:13 of 3rd period - Shot by Tobias Enstrom.
8:13 of 3rd period - Stopped by Ryan Miller without a rebound.
8:14 of 3rd period - Jay McClement wins face-off versus Frans Nielsen in Blues zone.
8:23 of 3rd period - Shot by Rickard Rakell.
8:23 of 3rd period - Shot Misses the Net.
8:31 of 3rd period - Shot by Frans Nielsen.
8:31 of 3rd period - Stopped by Ryan Miller without a rebound.
8:32 of 3rd period - Radek Faksa wins face-off versus Mike Fisher in Blues zone.
9:18 of 3rd period - Jonas Brodin is hit by Mike Fisher.
9:32 of 3rd period - Shot by Rickard Rakell.
9:32 of 3rd period - Shot Blocked by Marian Hossa.
9:34 of 3rd period - Shot by Jonas Brodin.
9:34 of 3rd period - Shot Misses the Net.
9:40 of 3rd period - Shot by Jeff Skinner.
9:40 of 3rd period - Shot Misses the Net.
11:07 of 3rd period - Off-side.
11:08 of 3rd period - Radek Faksa wins face-off versus Cal Clutterbuck in neutral zone.
11:32 of 3rd period - Shot by Brock Nelson.
11:32 of 3rd period - Stopped by Ryan Miller without a rebound.
11:33 of 3rd period - Mikko Koivu wins face-off versus Jay McClement in Blues zone.
11:52 of 3rd period - Shot by Cam Atkinson.
11:52 of 3rd period - Shot Misses the Net.
11:54 of 3rd period - Shot by Braydon Coburn.
11:54 of 3rd period - Shot Misses the Net.
12:05 of 3rd period - Jamie Benn is hit by Carl Gunnarsson and loses puck.
12:35 of 3rd period - Shot by Brock Nelson.
12:35 of 3rd period - Stopped by Ryan Miller without a rebound.
12:36 of 3rd period - Alan Quine wins face-off versus Mike Fisher in Blues zone.
12:36 of 3rd period - Minor Penalty to Johnny Boychuk for Holding.
12:37 of 3rd period - Adam Cracknell wins face-off versus Mikko Koivu in Blues zone.
12:49 of 3rd period - Off-side.
12:50 of 3rd period - Rickard Rakell wins face-off versus Adam Cracknell in neutral zone.
12:57 of 3rd period - Shot by Frans Nielsen.
12:57 of 3rd period - Stopped by Ryan Miller without a rebound.
12:58 of 3rd period - Frans Nielsen wins face-off versus Marian Hossa in Blues zone.
12:59 of 3rd period - Shot by Rickard Rakell.
12:59 of 3rd period - Stopped by Ryan Miller without a rebound.
13:00 of 3rd period - Adam Cracknell wins face-off versus Mikko Koivu in Blues zone.
13:00 of 3rd period - Adam Cracknell is hit by Jamie Benn.
13:18 of 3rd period - Shot by Cam Atkinson.
13:18 of 3rd period - Shot Misses the Net.
14:15 of 3rd period - Shot by Rickard Rakell.
14:15 of 3rd period - Stopped by Ryan Miller with a rebound.
14:17 of 3rd period - Shot by Frans Nielsen.
14:17 of 3rd period - Shot Misses the Net.
14:19 of 3rd period - Shot by Jonas Brodin.
14:19 of 3rd period - Shot Blocked by Marian Hossa.
14:21 of 3rd period - Shot by Rickard Rakell.
14:21 of 3rd period - Shot Misses the Net.
14:23 of 3rd period - Shot by Jonas Brodin.
14:23 of 3rd period - Shot Blocked by John-Michael Liles.
14:25 of 3rd period - Shot by Tobias Enstrom.
14:25 of 3rd period - Shot Misses the Net.
14:27 of 3rd period - Shot by Tobias Enstrom.
14:27 of 3rd period - Stopped by Ryan Miller without a rebound.
14:28 of 3rd period - Brian Gionta wins face-off versus Frans Nielsen in Blues zone.
14:37 of 3rd period - Shot by Frans Nielsen.
14:37 of 3rd period - Shot Blocked by Johnny Boychuk.
14:45 of 3rd period - Shot by Brian Gionta.
14:45 of 3rd period - Shot Misses the Net.
15:05 of 3rd period - Shot by Brian Gionta.
15:05 of 3rd period - Stopped by Keith Kinkaid without a rebound.
15:06 of 3rd period - Alan Quine wins face-off versus Adam Cracknell in Jets zone.
15:06 of 3rd period - Alan Quine is hit by Cal Clutterbuck.
15:15 of 3rd period - Minor Penalty to Cal Clutterbuck for Hooking.
15:16 of 3rd period - Adam Cracknell wins face-off versus Mikko Koivu in Blues zone.
16:08 of 3rd period - Icing by Tobias Enstrom.
16:09 of 3rd period - Frans Nielsen wins face-off versus Adam Cracknell in Jets zone.
17:18 of 3rd period - Icing by Radek Faksa.
17:19 of 3rd period - Brock Nelson wins face-off versus Brian Flynn in Jets zone.
17:19 of 3rd period - Brock Nelson is hit by Cal Clutterbuck.
17:25 of 3rd period - John-Michael Liles is hit by Radek Faksa and loses puck.
17:31 of 3rd period - Radek Faksa is hit by Johnny Boychuk.
17:53 of 3rd period - Shot by Bryan Rust.
17:53 of 3rd period - Shot Misses the Net.
18:09 of 3rd period - Shot by Jamie Benn.
18:09 of 3rd period - Shot Misses the Net.
18:11 of 3rd period - Shot by Hampus Lindholm.
18:11 of 3rd period - Shot Blocked by Johnny Boychuk.
18:16 of 3rd period - Icing by John-Michael Liles.
18:17 of 3rd period - Alan Quine wins face-off versus Brian Flynn in Blues zone.
18:34 of 3rd period - Shot by Alan Quine.
18:34 of 3rd period - Stopped by Ryan Miller without a rebound.
18:35 of 3rd period - Mike Fisher wins face-off versus Cam Atkinson in Blues zone.
19:15 of 3rd period - Off-side.
19:16 of 3rd period - Mike Fisher wins face-off versus Mikko Koivu in neutral zone.
19:19 of 3rd period - Blues, Ryan Miller is pulled from the net.
19:23 of 3rd period - Shot by Mike Fisher.
19:23 of 3rd period - Stopped by Keith Kinkaid without a rebound.
19:24 of 3rd period - Mikko Koivu wins face-off versus Mike Fisher in Jets zone.
19:24 of 3rd period - Mikko Koivu is hit by Mike Fisher.
19:48 of 3rd period - Shot by Marian Hossa.
19:48 of 3rd period - Shot Blocked by Nick Holden.
19:56 of 3rd period - Shot by Marian Hossa.
19:56 of 3rd period - Shot Misses the Net.
Goals for this period are 0 for Blues vs 0 for Jets.
Shots for this period are 4 for Blues vs 14 for Jets.